 Dungeon Sprint DCSS version 0.17-a0-1718-g72dbe4d (webtiles) character file.

10166 nuthulu the Warrior (level 11, 0/83 HPs)
             Began as a Gargoyle Fighter on Aug 26, 2015.
             Was a High Priest of Okawaru.
             Engulfed by a cloud of freezing vapour (15 damage)
             ... in the Dungeon (Sprint III: "The Ten Rune Challenge").
             The game lasted 00:10:25 (3832 turns).

nuthulu the Warrior (Gargoyle Fighter)              Turns: 3832, Time: 00:10:25

Health: 0/83       AC: 25    Str: 19    XL:     11   Next: 57%
Magic:  11/11      EV:  8    Int: 10    God:    Okawaru [*****.]
Gold:   25         SH: 13    Dex: 12    Spells: 0 memorised, 10 levels left

rFire  . . .     SeeInvis .     a - +0 flail
rCold  . . .     Clarity  .     j - +0 chain mail
rNeg   + . .     SustAt   .     c - +0 shield
rPois  ∞         Gourm    .     (no helmet)
rElec  +         Spirit   .     u - +0 cloak
rCorr  .         Warding  .     g - +2 pair of gloves {archery}
rMut   .         NoTele   +     (no boots)
MR     .....                    (no amulet)
Stlth  ..........               (no ring)
                                (no ring)

@: not resistant to hostile enchantments, extremely unstealthy
A: negative energy resistance 1, electricity resistance, unbreathing,
petrification resistance, rot immunity, AC +7
a: Heroism, Finesse, Renounce Religion


You were in the Dungeon.
You worshipped Okawaru.
Okawaru was extremely pleased with you.
You were not hungry.

You visited 1 branch You collected 25 gold pieces.

Inventory:

Hand weapons
 a - a +0 flail (weapon)
Armour
 b - a +0 scale mail
 c - a +0 shield (worn)
 g - a +2 pair of gloves of archery (worn)
 j - a +0 chain mail (worn)
 u - a +0 cloak (worn)
Scrolls
 k - a scroll of blinking
 m - a scroll of immolation
 n - a scroll of identify
 o - 2 scrolls of remove curse {unknown}
Potions
 f - a potion of curing
 h - a potion of ambrosia {unknown}
 i - 3 potions of magic
 l - 2 potions of flight {unknown}
 q - a potion of cure mutation
 s - a potion of agility {unknown}
 t - a potion of brilliance {unknown}
Comestibles
 d - 21 royal jellies
 e - a bread ration
 p - a meat ration
 r - a fruit


   Skills:
 - Level 16.0 Fighting
 - Level 14.7 Maces & Flails
 + Level 14.3 Armour
 + Level 14.4 Shields


You had 10 spell levels left.
You didn't know any spells.

Dungeon Overview and Level Annotations

Branches:
Dungeon (1/1)

Altars:
Cheibriados
Dithmenos
Elyvilon
Fedhas
Gozag
Kikubaaqudgha
Makhleb
Nemelex Xobeh
Okawaru
Qazlal
Ru
Sif Muna
Trog
Vehumet
Xom
Yredelemnul
Zin
The Shining One
Jiyva
Lugonu


Innate Abilities, Weirdness & Mutations

You are resistant to torment.
Your stone body is resilient (AC +7).
You are immune to poison.
You resist negative energy.
You are resistant to electric shocks.
You can survive without breathing.
You are immune to petrification.
You are immune to rotting.


Message History

Really walk into a travel-excluded area? [Y]es or [N]o only, please.
Really walk into a travel-excluded area?
Okay, then.
Really walk into a travel-excluded area?
Really walk into that cloud of freezing vapour? [Y]es or [N]o only, please.
Really walk into that cloud of freezing vapour?
You are engulfed in freezing vapours.
You are engulfed in freezing vapours.
You are engulfed in freezing vapours.
You are engulfed in freezing vapours.
* * * LOW HITPOINT WARNING * * *
Drink which item? (? for menu, Esc to quit)
You feel much better.
You are engulfed in freezing vapours.
* * * LOW HITPOINT WARNING * * *
You are engulfed in freezing vapours.
* * * LOW HITPOINT WARNING * * *
You are engulfed in freezing vapours.
You die...

▓▓▓▓▓▓▓▓▓▓▓▓▓▓▓▓▓#.#.#.#.#.......
≈≈≈...†....≈≈≈...##.#.#.##.......
♣≈≈≈≈≈≈≈≈≈≈≈≈♣♣P.+.#.#.#.#.......
♣♣♣♣♣♣♣♣♣♣♣♣♣♣♣PP##.#.#.#########
♣ ♣♣♣##+##### ♣♣♣♣♣♣♣♣♣♣♣♣♣♣♣♣♣#
##..##≈≈≈≈≈≈..#[)#
#.##÷#≈≈≈≈≈§..#§/#
.##.##'≈≈≈≈≈####@#
.##.).#≈≈....§§§§#
#†##..#≈..+####### #.#####...#
..##......# ####+######


There were no monsters in sight!

Vanquished Creatures
  Maud (D)
  2 hydras (D)
  Erica (D)
  A centaur warrior (D)
  An unseen horror (D)
  A death drake (D)
  A lindwurm (D)
  A komodo dragon (D)
  2 spiny frogs (D)
  A queen bee (D)
  A deep elf priest (D)
  3 wandering mushrooms (D)
  3 redbacks (D)
  A shadow (D)
  A spatial vortex (D)
  2 hydra simulacra (D)
  A necrophage (D)
  2 centaurs (D)
  An earth elemental (D)
  2 brain worms (D)
  A water elemental (D)
  A scorpion (D)
  32 killer bees (D)
  A jelly (D)
  A necromancer (D)
  A wizard (D)
  Jessica (D)
  2 polar bear simulacra (D)
  A kobold demonologist (D)
  3 humans (D)
  An ooze (D)
  2 rats (D)
76 creatures vanquished.

Vanquished Creatures (others)
  2 draconian scorchers (D)
  2 yaktaurs (D)
  An electric eel (D)
5 creatures vanquished.

Grand Total: 81 creatures vanquished

Notes
Turn   | Place    | Note
--------------------------------------------------------------
     0 | D        | nuthulu the Gargoyle Fighter began the quest for the Orb.
     0 | D        | Reached XP level 1. HP: 14/14 MP: 1/1
    13 | D        | Reached skill level 4 in Fighting
   105 | D        | Noticed Jessica
   118 | D        | Killed Jessica
   118 | D        | Reached skill level 5 in Fighting
   118 | D        | Reached XP level 2. HP: 19/22 MP: 2/2
   118 | D        | Reached XP level 3. HP: 23/27 MP: 3/3
   174 | D        | Killed a white draconian scorcher
   191 | D        | Killed a yaktaur
   195 | D        | Reached skill level 6 in Fighting
   195 | D        | Reached skill level 5 in Maces & Flails
   212 | D        | Noticed a scorpion
   224 | D        | Killed a scorpion
   224 | D        | Reached skill level 7 in Fighting
   224 | D        | Reached XP level 4. HP: 15/34 MP: 4/4
   230 | D        | Noticed a water elemental
   235 | D        | Killed a water elemental
   235 | D        | Reached skill level 8 in Fighting
   235 | D        | Reached XP level 5. HP: 18/40 MP: 5/5
   237 | D        | Killed a white draconian scorcher
   408 | D        | Gained mutation: Your muscles are strong. (Str +2) [potion of mutation]
   408 | D        | Gained mutation: Your body sometimes deteriorates upon taking damage. [potion of mutation]
   408 | D        | Gained mutation: You are dopey. (Int -2) [potion of mutation]
   409 | D        | Gained mutation: Your magical capacity is low (-10% MP). [potion of mutation]
   410 | D        | Lost mutation: Your magical capacity is low (-10% MP). [potion of cure mutation]
   410 | D        | Lost mutation: Your body sometimes deteriorates upon taking damage. [potion of cure mutation]
   410 | D        | Lost mutation: You are dopey. (Int -2) [potion of cure mutation]
   410 | D        | Lost mutation: Your muscles are strong. (Str +2) [potion of cure mutation]
   430 | D        | Found a radiant altar of Vehumet.
   430 | D        | Found a deep blue altar of Sif Muna.
   430 | D        | Found an ancient bone altar of Kikubaaqudgha.
   430 | D        | Noticed a wizard
   441 | D        | Noticed a hellwing
   443 | D        | Killed a wizard
   443 | D        | Reached skill level 9 in Fighting
   453 | D        | Noticed an orange demon
   527 | D        | Found a glowing silver altar of Zin.
   527 | D        | Found a glowing golden altar of the Shining One.
   527 | D        | Found a white marble altar of Elyvilon.
   528 | D        | Noticed a deep elf priest
   539 | D        | Killed a deep elf priest
   539 | D        | Reached skill level 11 in Fighting
   539 | D        | Reached skill level 10 in Maces & Flails
   539 | D        | Reached XP level 6. HP: 30/49 MP: 6/6
   653 | D        | Found a basalt altar of Yredelemnul.
   653 | D        | Found a snail-covered altar of Cheibriados.
   653 | D        | Found a blossoming altar of Fedhas.
   653 | D        | Noticed a necrophage
   653 | D        | Noticed a necromancer
   657 | D        | Killed a necromancer
   657 | D        | Reached XP level 7. HP: 39/54 MP: 7/7
   661 | D        | Killed a necrophage
   759 | D        | Noticed a jelly
   760 | D        | Noticed a shadow
   764 | D        | Killed a shadow
   764 | D        | Reached skill level 12 in Fighting
   766 | D        | Killed a jelly
   786 | D        | Found a stormy altar of Qazlal.
   786 | D        | Found a sacrificial altar of Ru.
   786 | D        | Found a burning altar of Makhleb.
   786 | D        | Found a shimmering altar of Xom.
   787 | D        | Found a viscous altar of Jiyva.
   787 | D        | Found a shadowy altar of Dithmenos.
   787 | D        | Found a sparkling altar of Nemelex Xobeh.
   787 | D        | Found a corrupted altar of Lugonu.
   787 | D        | Found an opulent altar of Gozag.
   787 | D        | Noticed a spatial vortex
   797 | D        | Killed a spatial vortex
   797 | D        | Reached skill level 13 in Fighting
   812 | D        | Found an iron altar of Okawaru.
   813 | D        | Found a bloodstained altar of Trog.
   813 | D        | Noticed a human
   813 | D        | Noticed a human
   842 | D        | Killed a human
   842 | D        | Reached XP level 8. HP: 36/63 MP: 8/8
   847 | D        | Killed a human
   879 | D        | Became a worshipper of Warmaster Okawaru
   967 | D        | Killed a yaktaur
   999 | D        | Noticed Erica
  1018 | D        | Killed Erica
  1018 | D        | Acquired Okawaru's first power
  1018 | D        | Reached skill level 14 in Fighting
  1018 | D        | Reached XP level 9. HP: 70/70 MP: 9/9
  1106 | D        | Noticed an earth elemental
  1127 | D        | Killed an earth elemental
  1438 | D        | Noticed a centaur
  1438 | D        | Noticed a centaur warrior
  1438 | D        | Noticed a centaur
  1452 | D        | Killed a centaur warrior
  1452 | D        | Reached skill level 15 in Fighting
  1455 | D        | Killed a centaur
  1463 | D        | Killed a centaur
  1463 | D        | Reached skill level 16 in Fighting
  1617 | D        | Killed an unseen horror
  1617 | D        | Reached skill level 5 in Armour
  1617 | D        | Reached skill level 5 in Shields
  1732 | D        | Noticed a killer bee
  1732 | D        | Noticed a killer bee
  1732 | D        | Noticed a killer bee
  1732 | D        | Noticed a killer bee
  1732 | D        | Noticed a queen bee
  1732 | D        | Noticed a killer bee
  1732 | D        | Noticed a killer bee
  1732 | D        | Noticed a killer bee
  1732 | D        | Noticed a killer bee
  1732 | D        | Noticed a killer bee
  1732 | D        | Noticed a killer bee
  1732 | D        | Noticed a killer bee
  1732 | D        | Noticed a killer bee
  1732 | D        | Noticed a killer bee
  1732 | D        | Noticed a killer bee
  1734 | D        | Noticed a killer bee
  1734 | D        | Noticed a killer bee
  1734 | D        | Noticed a killer bee
  1734 | D        | Noticed a killer bee
  1735 | D        | Noticed a killer bee
  1737 | D        | Killed a killer bee
  1739 | D        | Noticed a killer bee
  1740 | D        | Noticed a killer bee
  1740 | D        | Noticed a killer bee
  1741 | D        | Noticed a killer bee
  1741 | D        | Noticed a killer bee
  1744 | D        | Killed a killer bee
  1745 | D        | Noticed a killer bee
  1745 | D        | Noticed a killer bee
  1746 | D        | Noticed a killer bee
  1746 | D        | Killed a killer bee
  1747 | D        | Noticed a killer bee
  1749 | D        | Killed a killer bee
  1749 | D        | Reached XP level 10. HP: 74/78 MP: 8/10
  1752 | D        | Killed a killer bee
  1754 | D        | Noticed a killer bee
  1754 | D        | Killed a killer bee
  1762 | D        | Noticed a killer bee
  1763 | D        | Killed a killer bee
  1765 | D        | Killed a killer bee
  1766 | D        | Noticed a killer bee
  1766 | D        | Killed a killer bee
  1768 | D        | Noticed a killer bee
  1769 | D        | Killed a killer bee
  1773 | D        | Killed a killer bee
  1775 | D        | Killed a killer bee
  1778 | D        | Killed a killer bee
  1782 | D        | Killed a killer bee
  1785 | D        | Killed a killer bee
  1786 | D        | Killed a killer bee
  1792 | D        | Killed a killer bee
  1801 | D        | Killed a killer bee
  1805 | D        | Killed a killer bee
  1807 | D        | Killed a killer bee
  1813 | D        | Killed a killer bee
  1821 | D        | Killed a queen bee
  1822 | D        | Killed a killer bee
  1823 | D        | Killed a killer bee
  1824 | D        | Killed a killer bee
  1839 | D        | Killed a killer bee
  1843 | D        | Killed a killer bee
  1852 | D        | Killed a killer bee
  1855 | D        | Killed a killer bee
  1860 | D        | Killed a killer bee
  1864 | D        | Killed a killer bee
  1868 | D        | Killed a killer bee
  1873 | D        | Killed a killer bee
  2459 | D        | Noticed a wandering mushroom
  2500 | D        | Noticed a wandering mushroom
  2502 | D        | Noticed a wandering mushroom
  2516 | D        | Killed a wandering mushroom
  2609 | D        | Killed a wandering mushroom
  2609 | D        | Reached skill level 10 in Armour
  2609 | D        | Reached skill level 10 in Shields
  2621 | D        | Killed a wandering mushroom
  2662 | D        | Noticed a spiny frog
  2662 | D        | Noticed a komodo dragon
  2662 | D        | Noticed a spiny frog
  2674 | D        | Killed a spiny frog
  2685 | D        | Killed a spiny frog
  2691 | D        | Killed a komodo dragon
  2903 | D        | Noticed a redback
  2910 | D        | Killed a redback
  2912 | D        | Noticed a brain worm
  2920 | D        | Killed a brain worm
  2926 | D        | Noticed a brain worm
  2929 | D        | Killed a brain worm
  2934 | D        | Noticed a lindwurm
  2938 | D        | Noticed a redback
  2944 | D        | Killed a lindwurm
  2944 | D        | Reached XP level 11. HP: 63/83 MP: 8/11
  2946 | D        | Noticed a redback
  2948 | D        | Killed a redback
  2952 | D        | Killed a redback
  3065 | D        | Noticed Maud
  3079 | D        | Killed Maud
  3079 | D        | Acquired Okawaru's second power
  3079 | D        | Received a gift from Okawaru
  3318 | D        | Noticed an electric eel
  3319 | D        | Noticed an eight-headed hydra
  3319 | D        | Noticed a seven-headed hydra
  3342 | D        | Killed an eight-headed hydra
  3353 | D        | Killed a seven-headed hydra
  3481 | D        | Killed an electric eel
  3584 | D        | Noticed a death drake
  3602 | D        | Killed a death drake
  3614 | D        | Noticed a five-headed hydra simulacrum
  3614 | D        | Noticed a polar bear simulacrum
  3616 | D        | Noticed a polar bear simulacrum
  3619 | D        | Killed a polar bear simulacrum
  3632 | D        | Killed a five-headed hydra simulacrum
  3635 | D        | Killed a polar bear simulacrum
  3642 | D        | Noticed a five-headed hydra simulacrum
  3652 | D        | Killed a five-headed hydra simulacrum
  3832 | D        | Engulfed by a cloud of freezing vapour

Vault maps used:
D:        dungeon_sprint_mu

Action                   |  1- 3 |  4- 6 |  7- 9 | 10-12 || total
-------------------------+-------+-------+-------+-------++-------
Melee: Flail             |    40 |    40 |   122 |   301 ||   503
Invok: Heroism           |       |       |     3 |     7 ||    10
  Use: Potion            |     1 |     3 |     2 |     2 ||     8
       Scroll            |       |     2 |       |       ||     2
  Eat: Royal jelly       |       |       |     1 |     4 ||     5
       Fruit             |       |       |     2 |       ||     2
